 Dungeon Crawl Stone Soup version 0.24-a0-484-g962a3eeff7 (webtiles) character file.

Game seed: 292717493258565651

58 Gynju the Conjurer (level 3, 0/39 HPs)
             Began as a Draconian Conjurer on July 9, 2019.
             Slain by Ijyb
             ... wielding a +7 club
              (2 damage)
             ... on level 3 of the Dungeon.
             The game lasted 00:03:33 (1886 turns).

Gynju the Conjurer (Draconian Conjurer)             Turns: 1886, Time: 00:03:34

Health: 0/39       AC:  6    Str: 15    XL:     3   Next: 76%
Magic:  0/7        EV: 12    Int: 16    God:
Gold:   100        SH:  0    Dex: 11    Spells: 7/8 levels left

rFire    . . .     SeeInvis .   q - +1 dagger (drain)
rCold    . . .     Gourm    .   (no shield)
rNeg     . . .     Faith    .   (armour unavailable)
rPois    .         Spirit   .   (helmet restricted)
rElec    .         Reflect  .   n - +0 cloak
rCorr    .         Harm     .   (no gloves)
MR       .....                  (no boots)
Stlth    ..........             (no amulet)
HPRegen  0.13/turn              (no ring)
MPRegen  0.10/turn              (no ring)

@: berserking, very quick
A: unfitting armour, cold-blooded, AC +5
a: no special abilities


You were on level 3 of the Dungeon.
You were not hungry.

You visited 1 branch of the dungeon, and saw 3 of its levels.

You collected 100 gold pieces.

Inventory:

Hand Weapons
 q - a +1 dagger of draining (weapon)
Missiles
 c - 15 sling bullets
 f - 50 stones (quivered)
 p - 40 poisoned darts
Armour
 n - a +0 cloak (worn)
Jewellery
 e - an uncursed ring of protection from fire {unknown}
Scrolls
 a - 4 scrolls of identify {unknown}
 h - a scroll of teleportation {unknown}
 i - a scroll of remove curse {unknown}
 j - a scroll of fog {unknown}
 l - a scroll of magic mapping {unknown}
Potions
 d - a potion of degeneration {unknown}
 g - a potion of berserk rage
 k - a potion of magic {unknown}
 m - a potion of haste {unknown}
 o - a potion of brilliance {unknown}
Comestibles
 b - 4 rations


   Skills:
 - Level 1.7 Dodging
 - Level 1.7 Stealth
 + Level 3.1 Spellcasting
 + Level 4.7 Conjurations


You had 7 spell levels left.
You knew the following spells:

 Your Spells              Type           Power        Failure   Level  Hunger
a - Magic Dart            Conj           ###.         2%          1    #......

Your spell library contained the following spells:

 Spells                   Type           Power        Failure   Level  Hunger
 Searing Ray              Conj           ###...       4%          2    ##.....
 Dazzling Spray           Conj/Hex       ##....       22%         3    ###....
 Iskenderun's Mystic Bla  Conj           ###.....     26%         4    #####..
 Force Lance              Conj/Tloc      ##......     56%         4    #####..
 Fulminant Prism          Conj/Hex       ##........   56%         4    #####..


Dungeon Overview and Level Annotations

Branches:
Dungeon (3/15)

Altars:

Annotations:
D:3 Ijyb


Innate Abilities, Weirdness & Mutations

Your plain brown scales are hard. (AC +5)
You cannot fit into any form of body armour.
You are cold-blooded and may be slowed by cold attacks.


Message History

Casting: Magic Dart (safe; 2% risk of failure)
Confirm with . or Enter, or press ? or * to list all spells.
Aiming: Magic Dart (safe; 2% risk of failure)
Press: ? - help, Shift-Dir - straight line, f/p - Ijyb
Aim: Ijyb, wielding a +7 club and wearing a +0 ring mail (heavily wounded, heavily drained)
The magic dart hits Ijyb.
Ijyb is severely wounded.
Ijyb hits you with a +7 club.
* * * LOW HITPOINT WARNING * * *
You hit Ijyb.
Ijyb is almost dead.
Ijyb hits you with a +7 club.
* * * LOW HITPOINT WARNING * * *
It was a potion of berserk rage.
A red film seems to cover your vision as you go berserk!
You feel yourself moving faster!
You feel mighty! Ijyb barely misses you.
You closely miss Ijyb.
Ijyb is almost dead.
Ijyb seems less drained.
Ijyb hits you with a +7 club.
You die...

..# ..#
#####..#
#.g.#..#
#)#@#g.#
#.#.#..#
###.###..#
#........#
#.#......#
#.########
#.# #.#
#.#


You could see Ijyb.

Vanquished Creatures
  3 adders (D:2)
  A worm (D:2)
  A ball python (D:1)
  2 giant cockroaches (D:2)
  3 hobgoblins
  5 kobolds
  2 quokkas (D:2)
  6 bats
  2 frilled lizards
  3 goblins
  3 rats (D:2)
31 creatures vanquished.

Notes
Turn   | Place    | Note
-------+----------+-------------------------------------------
     0 | D:1      | Gynju the Draconian Conjurer began the quest for the Orb.
     0 | D:1      | Reached XP level 1. HP: 14/14 MP: 3/3
   354 | D:1      | Reached XP level 2. HP: 20/20 MP: 3/5
   948 | D:2      | Reached XP level 3. HP: 11/26 MP: 0/7
  1852 | D:3      | Noticed Ijyb
  1884 | D:3      | HP: 1/26 [Ijyb/+7 club (4)]
  1886 | D:3      | Slain by Ijyb

Levels and vault maps discovered:
D:1:      minmay_arrival_plants_in_alcoves, layout_basic, minmay_tetromino_i2
D:2:      layout_basic, first_ration
D:3:      layout_basic, minitemple, chequers_ecumenical_altar_grove,
          grunt_gozag_statues, uniq_jessica, uniq_sigmund,
          uniq_crazy_yiuf_cottage, uniq_ijyb

Skill      XL: |  1  2  3 |
---------------+----------+-----
Spellcasting   | 3 |  3.1
Dodging        | |  1.7
Stealth        | |  1.7
Conjurations   | |  4.7

Action                   || total
-------------------------++-------
Melee: Short sword       ||     9
       Tailslap          ||     2
       Dagger            ||     8
 Cast: Magic Dart        ||    68
  Use: Potion            ||     1
  Eat: Chunk             ||     3
Armor: Skin              ||     9
Dodge: Dodged            ||    14

Table legend:
 A = Non-vault XP
 B = Vault XP
 C = Vault XP percentage of total XP
 D = Non-vault monster count
 E = Vault monster count
 F = Vault count percentage of total count
                 A         B        C        D         E       F
            +---------+---------+-------+---------+---------+-------
      Total |      81 |       3 |   3.6 |      29 |       2 |   6.5
            +---------+---------+-------+---------+---------+-------
        D:1 |      14 |       3 |  17.6 |       9 |       2 |  18.2
        D:2 |      66 |       0 |   0.0 |      19 |       0 |   0.0
        D:3 |       1 |       0 |   0.0 |       1 |       0 |   0.0
            +---------+---------+-------+---------+---------+-------
